 Dungeon Crawl Stone Soup version 0.19-a0-1686-g35356ef (webtiles) character file.

141 Flanowski the Insei (level 5, 0/26 HPs)
             Began as a Vine Stalker Transmuter on Sept 25, 2016.
             Slain by a bullfrog (6 damage)
             ... on level 4 of the Dungeon.
             The game lasted 00:03:37 (1994 turns).

Flanowski the Insei (Vine Stalker Transmuter)       Turns: 1994, Time: 00:03:37

Health: 0/26       AC:  3    Str: 13    XL:     5   Next: 24%
Magic:  0/10       EV: 12    Int: 13    God:
Gold:   181        SH:  0    Dex: 15    Spells: 3 memorised, 3 levels left

rFire  . . .     SeeInvis .     s - staff of poison
rCold  . . .     Gourm    .     b - +0 robe
rNeg   . . .     Faith    .     (no shield)
rPois  +         Spirit   +     (no helmet)
rElec  .         Dismiss  .     (no cloak)
rCorr  .         Reflect  .     (no gloves)
MR     .....     Harm     .     (boots currently unavailable)
Stlth  ++........               (no amulet)
                                (no ring)
                                f - ring of stealth

@: appendage
A: fangs 2, talons 3, regeneration 1, magic shield, antimagic bite, no device
heal 3, rot immunity
a: End Transformation


You were on level 4 of the Dungeon.
You were hungry.
You had grown temporary talons.
You visited 1 branch of the dungeon, and saw 4 of its levels.

You collected 181 gold pieces.

Inventory:

Missiles
 a - 38 arrows
Armour
 b - a +0 robe (worn)
Magical Staves
 s - an uncursed staff of poison (weapon)
Jewellery
 f - a ring of stealth (left hand)
Scrolls
 i - a scroll of identify {unknown}
 m - a scroll of teleportation {unknown}
 q - a scroll of amnesia {unknown}
 u - a scroll of enchant weapon {unknown}
Potions
 e - a potion of might {unknown}
 g - a potion of ambrosia {unknown}
 h - a potion of degeneration {unknown}
 j - a potion of berserk rage {unknown}
 k - 2 potions of brilliance {unknown}
 l - a potion of flight {unknown}
 r - a potion of haste {unknown}
 t - a potion of lignification {unknown}
 w - a potion of cure mutation {unknown}
Books
 c - a book of Changes

   Spells                             Type                      Level
   a - Beastly Appendage              Transmutation                1
   b - Sticks to Snakes               Transmutation                2
   c - Spider Form                    Transmutation/Poison         3
   d - Ice Form                       Ice/Transmutation            4
   e - Blade Hands                    Transmutation                5
Comestibles
 d - a bread ration
 n - 3 chunks of flesh
 o - a meat ration
 p - a beef jerky
 v - a slice of pizza


   Skills:
 * Level 2.0 Fighting
 + Level 1.9 Dodging
 * Level 4.3 Unarmed Combat
 + Level 2.7 Spellcasting
 * Level 2.8 Transmutations


You had 3 spell levels left.
You knew the following spells:

 Your Spells              Type           Power        Failure   Level  Hunger
a - Beastly Appendage     Tmut           #.....       10%         1    #......
b - Sticks to Snakes      Tmut           #.......     12%         2    ###....
c - Spider Form           Tmut/Pois      #.........   38%         3    ###....


Dungeon Overview and Level Annotations

Branches:
Dungeon (4/15)
 Temple: D:4-7

Altars:
Okawaru
Trog
Vehumet


Innate Abilities, Weirdness & Mutations

You have extremely sharp teeth.
Your natural rate of healing is unusually fast.
When hurt, damage is shared between your health and your magic reserves.
Your bite disrupts and absorbs the magic of your enemies.
Potions and wands cannot restore your health.
You are immune to rotting.
You have claws for feet.


Message History

The orc priest mumbles some strange prayers to Beogh against you.
Beogh smites you! The bullfrog hits you!
You closely miss the bullfrog. You bite the bullfrog. You drain its power.
You feel invigorated.
The bullfrog is moderately wounded.
The bullfrog completely misses you. The bullfrog hits you.
An orc and an orc wizard come into view.
You completely miss the bullfrog. You claw the bullfrog.
You punch the bullfrog. Your bite misses the bullfrog.
The bullfrog is moderately wounded.
The bullfrog hits you.
Some of the chunks of flesh in your inventory have rotted away.
You hit the bullfrog. You claw the bullfrog.
The bullfrog is heavily wounded.
The bullfrog hits you!
* * * LOW HITPOINT WARNING * * *
The orc wizard mumbles some strange words.
The orc wizard seems to speed up.
The bullfrog closely misses you. The bullfrog closely misses you.
The bullfrog hits you!
You die...

#..## .##.
+.... ....
.... ....
... ..# #..
...#
#..##...##.
#..........
#..@F..o.o.
#.......o..
######+###o


You could see a bullfrog, an orc priest, an orc wizard and 2 orcs.

Vanquished Creatures
  4 gnolls (D:2)
  2 adders (D:3)
  2 oozes (D:2)
  A worm (D:2)
  3 dart slugs
  3 orcs (D:3)
  6 bats
  2 giant cockroaches (D:2)
  6 goblins
  5 hobgoblins
  6 jackals (D:1)
  8 kobolds
  3 quokkas
  A ball python (D:3)
  5 frilled lizards
  9 rats
66 creatures vanquished.

Vanquished Creatures (others)
  A leopard gecko (D:2)
1 creature vanquished.

Grand Total: 67 creatures vanquished

Notes
Turn   | Place    | Note
-------+----------+-------------------------------------------
     0 | D:1      | Flanowski the Vine Stalker Transmuter began the quest for the Orb.
     0 | D:1      | Reached XP level 1. HP: 9/9 MP: 4/4
   129 | D:1      | Reached skill level 1 in Fighting
   129 | D:1      | Reached XP level 2. HP: 2/14 MP: 1/6
   638 | D:1      | Reached XP level 3. HP: 16/18 MP: 7/7
  1271 | D:2      | Found a radiant altar of Vehumet.
  1274 | D:2      | Gained mutation: Your natural rate of healing is unusually fast. [Vine Stalker growth]
  1274 | D:2      | Reached XP level 4. HP: 19/22 MP: 5/8
  1292 | D:2      | Reached skill level 4 in Unarmed Combat
  1637 | D:3      | Found a bloodstained altar of Trog.
  1637 | D:3      | Found an iron altar of Okawaru.
  1742 | D:3      | Reached XP level 5. HP: 19/26 MP: 5/9
  1765 | D:3      | Learned a level 2 spell: Sticks to Snakes
  1769 | D:3      | Learned a level 3 spell: Spider Form
  1994 | D:4      | Slain by a bullfrog

Vault maps used:
D:1:      dpeg_arrival_windows_large_door
D:2:      fiery_altar_vehumet, nicolae_overflow_hidden_temple
D:3:      gammafunk_temple_overflow_elements

Skill      XL: |  1  2  3  4 |
---------------+-------------+-----
Fighting       | 1 2 |  2.0
Unarmed Combat | 4 |  4.3
Dodging        | |  1.9
Spellcasting   | |  2.7
Transmutations | |  2.8

Action                   |  1- 3 |  4- 6 || total
-------------------------+-------+-------++-------
Melee: Unarmed           |    99 |    45 ||   144
       Bite              |    23 |    23 ||    46
       Kick              |     3 |     6 ||     9
       Punch             |     2 |     4 ||     6
       Headbutt          |     1 |    11 ||    12
       Staff             |       |    45 ||    45
 Cast: Beastly Appendage |    21 |    19 ||    40
 Stab: Sleeping          |     3 |     5 ||     8
  Eat: Chunk             |     2 |     2 ||     4
Armor: Robe              |    30 |    18 ||    48
Dodge: Dodged            |    81 |    63 ||   144
